 Dungeon Crawl Stone Soup version 0.26.0-10-g1f06aea511 (webtiles) character file.

Game seed: 8497910416625739351

59 Goblin1989 the Sneak (level 3, -4/29 HPs)
             Began as a Demonspawn Delver on Jan 31, 2021.
             Slain by a worker ant (7 damage)
             ... on level 4 of the Dungeon.
             The game lasted 00:06:25 (1301 turns).

Goblin1989 the Sneak (Demonspawn Delver)            Turns: 1301, Time: 00:06:26

Health: -4/29      AC:  3    Str: 13    XL:     3   Next: 78%
Magic:  3/3        EV: 12    Int: 11    God:
Gold:   30         SH:  0    Dex: 20    Spells: 2/2 levels left

rFire    . . .     SeeInvis .   a - +0 short sword
rCold    . . .     Faith    .   (no shield)
rNeg     . . .     Spirit   .   b - +0 leather armour
rPois    .         Reflect  .   (helmet restricted)
rElec    .         Harm     .   (no cloak)
rCorr    .         Rampage  .   (no gloves)
Will     .....                  (no boots)
Stlth    +++.......             (no amulet)
HPRegen  0.09/turn              O - +6 ring of dexterity
MPRegen  0.08/turn              (no ring)

@: lethally poisoned (-4 -> -13)
A: antennae 1
a: no special abilities


You were on level 4 of the Dungeon.
You visited 1 branch of the dungeon, and saw 2 of its levels.

You collected 30 gold pieces.

Inventory:

Hand Weapons
 a - a +0 short sword (weapon)
 R - a +3 great mace of protection
Missiles
 N - 12 stones (quivered) {@Q3}
Armour
 b - a +0 leather armour (worn)
 P - a +0 scale mail
Jewellery
 O - a +6 ring of dexterity (left hand)
Wands
 g - a wand of digging (3) {@v1}
Scrolls
 c - a scroll of fog
 M - a scroll of magic mapping
 Q - a scroll of remove curse {unknown}


   Skills:
 - Level 3.0 Fighting
 + Level 2.9 Short Blades
 - Level 1.7 Dodging
 + Level 5.2 Stealth


You had 2 spell levels left.
You didn't know any spells.
Your spell library was empty.

Dungeon Overview and Level Annotations

Branches:
Dungeon (5/15)
 Temple: D:4-7

Altars:
Xom

Annotations:
D:5 Blork the orc


Innate Abilities, Weirdness & Mutations

You have a pair of small antennae on your head.


Message History

Found a stone staircase leading up and a stone staircase leading down.
Found an escape hatch in the floor.
A dart slug comes into view.
The dart slug moves out of view.
You see here a glowing great mace.
R - a glowing great mace Your +3 great mace of protection hums with potential!
R - a +3 great mace of protection (weapon)
Your +3 great mace of protection goes still.
a - a +0 short sword (weapon)
Unknown command.
You throw a stone {@Q3}. The stone {@Q3} hits the dart slug.
The dart slug is moderately wounded.
The dart slug launches a dart at you. The slug dart misses you.
You throw a stone {@Q3}.
The stone {@Q3} hits the dart slug but does no damage.
The dart slug is moderately wounded.
You throw a stone {@Q3}.
The stone {@Q3} hits the dart slug but does no damage.
The dart slug is moderately wounded.
You throw a stone {@Q3}.
The stone {@Q3} hits the dart slug but does no damage.
The dart slug is moderately wounded.
The dart slug launches a dart at you. The slug dart misses you.
You throw a stone {@Q3}. The stone {@Q3} hits the dart slug.
The dart slug is moderately wounded.
The dart slug launches a dart at you. The slug dart misses you.
You throw a stone {@Q3}.
The stone {@Q3} hits the dart slug but does no damage.
The dart slug is moderately wounded.
The dart slug launches a dart at you. The slug dart hits you.
You take 2 damage, and have 27/29 hp.
The dart slug barely misses you.
You hit the dart slug.
The dart slug is heavily wounded.
The dart slug bites you but does no damage.
You hit the dart slug.
The dart slug is heavily wounded.
The dart slug misses you.
You hit the dart slug.
You kill the dart slug!
N - 10 stones {@Q3} (gained 3)
You see here a dart slug corpse.
N - 12 stones {@Q3} (gained 2)
There is an escape hatch in the floor here.
There is a stone staircase leading up here.
You climb upwards.
A worker ant comes into view.
Found 11 gold pieces and 16 arrows.
Found a stone staircase leading up.
There is a stone staircase leading down here.
The worker ant barely misses you. The worker ant misses you.
You barely miss the worker ant. The worker ant misses you.
Health restored: 29 You hit the worker ant but do no damage.
The worker ant bites you.
You are poisoned.
The worker ant poisons you!
You take 4 damage, and have 25/29 hp.
You closely miss the worker ant.
You feel sick. The worker ant bites you.
You take 7 damage, and have 18/29 hp.
MASSIVE DAMAGE!!
You barely miss the worker ant. The worker ant barely misses you.
You barely miss the worker ant.
You feel sick. The worker ant bites you.
You take 4 damage, and have 14/29 hp.
You hit the worker ant.
The worker ant is lightly wounded.
The worker ant closely misses you. The worker ant bites you.
* * * LOW HITPOINT WARNING * * *
You take 3 damage, and have 11/29 hp.
You barely miss the worker ant.
The worker ant is lightly wounded.
The worker ant bites you.
* * * LOW HITPOINT WARNING * * *
You are lethally poisoned!
The worker ant poisons you!
You take 4 damage, and have 7/29 hp.
You completely miss the worker ant.
The worker ant is lightly wounded.
* * * LOW HITPOINT WARNING * * *
You feel sick.
The worker ant bites you but does no damage.
You take 1 damage, and have 6/29 hp.
You hit the worker ant but do no damage.
The worker ant is lightly wounded.
* * * LOW HITPOINT WARNING * * *
You feel sick. The worker ant closely misses you.
You take 1 damage, and have 5/29 hp.
You closely miss the worker ant.
The worker ant is lightly wounded.
* * * LOW HITPOINT WARNING * * *
You feel sick. The worker ant closely misses you.
You take 1 damage, and have 4/29 hp.
You barely miss the worker ant.
The worker ant is lightly wounded.
* * * LOW HITPOINT WARNING * * *
You feel sick. The worker ant bites you!
You die...

... █.█ .(.
█.. █.█ █)█
████.████ █.█
█.......███..
█..
█.██.......█
█..
█....>█....█
███
..██.......█
.......@.█.█
████...B...█
████.......█
█.███████ <..
... ... .....


You could see a worker ant.

Vanquished Creatures
  A centaur skeleton (D:5)
  An adder (D:5)
  An ufetubus (D:5)
  A dart slug (D:5)
  A leopard gecko (D:4)
  6 orcs
  A giant cockroach (D:4)
12 creatures vanquished.

Notes
Turn   | Place    | Note
-------+----------+-------------------------------------------
     0 | D:5      | Goblin1989 the Demonspawn Delver began the quest for the
                  | Orb.
     0 | D:5      | Reached XP level 1. HP: 18/18 MP: 1/1
    13 | D:5      | Noticed a sky beast
   137 | D:5      | Reached skill level 5 in Stealth
   137 | D:5      | Gained mutation: You have a pair of small antennae on your
                  | head. [demonic ancestry]
   137 | D:5      | Reached XP level 2. HP: 24/24 MP: 2/2
   175 | D:5      | Reached XP level 3. HP: 20/29 MP: 3/3
   280 | D:5      | Noticed an ogre
   635 | D:4      | HP: 1/29 [something (2)]
   951 | D:5      | Found a shimmering altar of Xom.
   954 | D:5      | Noticed Blork the orc
  1301 | D:4      | Slain by a worker ant

Illustrated notes

Levels and vault maps discovered:
D:4:      layout_loops_cross, minmay_temple_entry_grid, serial_shops, shop,
          serial_rivers, chequers_serial_rivers_micro_c,
          chequers_serial_rivers_large_a, chequers_serial_rivers_room_a,
          chequers_serial_rivers_micro_c
D:5:      layout_gridville, dancing_weapons_uskayaw, xom_butterflies,
          minmay_checkerbox, uniq_blork_the_orc

Skill      XL: |  1 |
---------------+----+-----
Short Blades   | 2 |  2.9
Stealth        | 5 |  5.2
Fighting       | |  3.0
Dodging        | |  1.7

Action                   || total
-------------------------++-------
Melee: Short sword       ||   105
Throw: Stone             ||    26
  Use: Scroll            ||     1
       Potion            ||     1
 Stab: Sleeping          ||     1
Armor: Leather armour    ||    19
Dodge: Dodged            ||    53
